 Dungeon Crawl Stone Soup version 0.20.2-3-g29329e0561 (webtiles) character file.

112 Alfie the Shooter (level 4, -3/38 HPs)
             Began as a Minotaur Hunter on June 2, 2020.
             Slain by a worker ant (4 damage)
             ... on level 4 of the Dungeon.
             The game lasted 00:06:07 (1326 turns).

Alfie the Shooter (Minotaur Hunter)                 Turns: 1326, Time: 00:06:07

Health: -3/38      AC:  4    Str: 17    XL:     4   Next: 63%
Magic:  3/3        EV: 12    Int:  8    God:
Gold:   192        SH:  0    Dex: 11    Spells: 3/3 levels left

rFire    . . .     SeeInvis .   b - +1 short sword
rCold    . . .     Gourm    .   (no shield)
rNeg     + . .     Faith    .   c - +0 leather armour
rPois    .         Spirit   .   (helmet restricted)
rElec    .         Reflect  .   (no cloak)
rCorr    .         Harm     .   e - +0 pair of gloves
MR       .....                  (no boots)
Stlth    +.........             (no amulet)
Regen    0.2/turn               g - ring of positive energy
MPRegen  0.1/turn               (no ring)

@: no status effects
A: retaliatory headbutt, horns 2
a: no special abilities


You were on level 4 of the Dungeon.
You were not hungry.

You visited 1 branch of the dungeon, and saw 4 of its levels.

You collected 192 gold pieces.

Inventory:

Hand Weapons
 a - a +1 shortbow
 b - a +1 short sword (weapon)
Missiles
 d - 44 arrows
 k - 8 tomahawks (quivered)
Armour
 c - a +0 leather armour (worn)
 e - a +0 pair of gloves (worn)
Jewellery
 g - a ring of positive energy (left hand)
 i - an uncursed ring of ice {unknown}
 l - a cursed amulet of inaccuracy {unknown}
Scrolls
 m - a scroll of teleportation
Potions
 j - a potion of might
Comestibles
 f - 3 bread rations
 h - a royal jelly
 o - a meat ration


   Skills:
 + Level 3.3 Fighting
 + Level 0.7 Short Blades
 + Level 5.9 Bows
 + Level 0.8 Armour
 + Level 2.5 Dodging
 + Level 0.7 Stealth


You had 3 spell levels left.
You didn't know any spells.

Dungeon Overview and Level Annotations

Branches:
Dungeon (4/15)
 Temple: D:4-7

Altars:
Gozag

Annotations:
D:3 Alfie's ghost, weakling MiHu


Innate Abilities, Weirdness & Mutations

You reflexively headbutt those who attack you in melee.
You have a pair of horns on your head.


Message History

You completely miss the jackal.
The jackal bites you but does no damage. x2
You hit the jackal but do no damage. The worker ant bites you.
* * * LOW HITPOINT WARNING * * *
The jackal bites you.
* * * LOW HITPOINT WARNING * * *
The worker ant completely misses you. You furiously retaliate!
You headbutt the worker ant. You hit the jackal but do no damage.
The jackal closely misses you. You furiously retaliate!
You headbutt the jackal. The worker ant closely misses you.
The jackal bites you.
* * * LOW HITPOINT WARNING * * *
You barely miss the jackal.
The jackal is heavily wounded.
The jackal closely misses you.
The worker ant bites you but does no damage.
You hit the jackal.
You kill the jackal!
The worker ant bites you.
You die...

#.# #.#
#.. ..#
#.# #.#
#h# #@#
#a# #.#
#<#
#........
.......a.
######.#..
#


You could see a worker ant and a jackal.

Vanquished Creatures
  Terence (D:2)
  3 adders
  An ooze (D:1)
  A worm (D:2)
  A dart slug (D:1)
  An orc (D:3)
  6 bats
  2 giant cockroaches
  11 goblins
  7 hobgoblins
  4 jackals
  4 frilled lizards
  3 kobolds
  7 rats
52 creatures vanquished.

Notes
Turn   | Place    | Note
-------+----------+-------------------------------------------
     0 | D:1      | Alfie the Minotaur Hunter began the quest for the Orb.
     0 | D:1      | Reached XP level 1. HP: 18/18 MP: 0/0
    72 | D:1      | Reached XP level 2. HP: 25/25 MP: 1/1
   176 | D:1      | Reached skill level 5 in Bows
   647 | D:2      | Found an opulent altar of Gozag.
   871 | D:2      | Reached XP level 3. HP: 27/30 MP: 2/2
   929 | D:2      | Noticed Terence
   947 | D:2      | Killed Terence
   974 | D:2      | Reached XP level 4. HP: 36/38 MP: 3/3
  1173 | D:3      | Noticed Alfie's ghost (weakling MiHu)
  1324 | D:4      | HP: 1/38 [jackal (2)]
  1326 | D:4      | Slain by a worker ant

Skill      XL: |  1  2  3 |
---------------+----------+-----
Bows           | 5 |  5.9
Fighting       | 3 |  3.3
Short Blades   | |  0.7
Armour         | |  0.8
Dodging        | |  2.5
Stealth        | |  0.7

Action                   |  1- 3 |  4- 6 || total
-------------------------+-------+-------++-------
Melee: Short sword       |    32 |    24 ||    56
       Headbutt          |     5 |     2 ||     7
 Fire: Shortbow          |    65 |    37 ||   102
  Use: Scroll            |     3 |     2 ||     5
       Potion            |       |     1 ||     1
  Eat: Royal jelly       |       |     1 ||     1
Armor: Leather armour    |    10 |    16 ||    26
Dodge: Dodged            |    27 |    31 ||    58
